 Dungeon Crawl Stone Soup version 0.21.1-1-g345015fe64 (webtiles) character file.

703 Gargoyl the Skirmisher (level 7, -9/64 HPs)
             Began as a Centaur Abyssal Knight on May 23, 2018.
             Was a Priest of Lugonu.
             Mangled by an ogre
             ... wielding a +0 giant spiked club
              (21 damage)
             ... on level 5 of the Dungeon.
             The game lasted 00:07:14 (5107 turns).

Gargoyl the Skirmisher (Centaur Abyssal Knight)     Turns: 5107, Time: 00:07:14

Health: -9/64      AC: 12    Str: 14      XL:     7   Next: 39%
Magic:  10/10      EV:  1    Int: 12 (13) God:    Lugonu [***...]
Gold:   130        SH:  5    Dex: 10 (11) Spells: 6/6 levels left

rFire    . . .     SeeInvis .   a - +4 hand axe
rCold    + . .     Gourm    .   h - -1 shield (curse)
rNeg     . . .     Faith    .   i - +0 chain mail
rPois    .         Spirit   .   k - +2 helmet
rElec    .         Reflect  .   (no cloak)
rCorr    .         Harm     .   e - +0 pair of gloves
MR       .....                  (no barding)
Stlth    ..........             (no amulet)
HPRegen  0.20/turn              d - +2 ring of intelligence
MPRegen  0.12/turn              (no ring)

@: very quick
A: large, hooves 3, cold resistance 1, deformed body, speed 2, robust 1, tough
skin 3
a: Depart the Abyss, Bend Space, Banish, Renounce Religion


You were on level 5 of the Dungeon.
You worshipped Lugonu.
Lugonu was most pleased with you.
You were not hungry.

You visited 1 branch of the dungeon, and saw 5 of its levels.
You visited the Abyss 1 time.

You collected 130 gold pieces.

Inventory:

Hand Weapons
 a - a +4 hand axe (weapon)
Missiles
 l - 10 javelins (quivered)
Armour
 e - a +0 pair of gloves (worn)
 g - a +0 buckler
 h - a cursed -1 shield (worn)
 i - a +0 chain mail (worn)
 k - a +2 helmet (worn)
Jewellery
 d - a +2 ring of intelligence (left hand)
Scrolls
 b - 2 scrolls of blinking
 n - 2 scrolls of teleportation
 o - a scroll of identify
Potions
 f - a potion of flight
Comestibles
 c - 7 rations


   Skills:
 + Level 4.3 Fighting
 + Level 4.2 Axes
 * Level 3.9 Armour
 + Level 1.2 Dodging
 * Level 4.1 Invocations


You had 6 spell levels left.
You didn't know any spells.

Dungeon Overview and Level Annotations

Branches:
Dungeon (5/15)
 Temple: D:4-7

Altars:
Xom


Innate Abilities, Weirdness & Mutations

You have hooves in place of feet.
Armour fits poorly on your strangely shaped body.
You cover ground very quickly.
You have extremely tough skin. (AC +3)
Your flesh is cold resistant. (rC+)
You are robust. (+10% HP)


Message History

You hit the ogre.
The ice beast hits you but does no damage.
You block the ogre's attack.
Unknown command.
You hit the ice beast but do no damage.
The ice beast is heavily wounded.
You barely miss the ogre. You block the ice beast's attack.
Unknown command.
You slash the ice beast!
You kick the ice beast, but do no damage.
The ice beast is almost dead.
You hit the ogre.
The ogre hits you with a giant spiked club!!
* * * LOW HITPOINT WARNING * * *
The ice beast hits you but does no damage.
You hit the ice beast.
The ice beast is almost dead.
You hit the ogre. You block the ice beast's attack.
The ogre hits you with a giant spiked club!!
You die...

.......#...
#..[...#...
#..........
#.......... ..
#.........#
...##.......###
........O....... #
#....###@.......
..#.......Y###....
..........# ....
$.......†###.(..
.#.............
#.............
#............#
#.##......#...
#.#. #..........


You could see an ice beast and an ogre.

Vanquished Creatures
  The ghost of Thargor the Shield-Bearer, an amateur FoFi (D:5)
  A sky beast (D:5)
  A scorpion (D:4)
  An orc priest (D:3)
  An orc wizard (D:3)
  A worker ant (D:4)
  Robin (D:3)
  3 gnolls (D:3)
  10 adders
  A shadow imp (D:5)
  3 oozes
  A worm (D:2)
  A dart slug (D:3)
  2 leopard geckos (D:4)
  13 orcs
  9 bats
  5 giant cockroaches
  20 goblins
  7 hobgoblins
  6 jackals
  12 kobolds
  3 quokkas
  A ball python (D:3)
  6 frilled lizards
  A leopard gecko skeleton (D:4)
  8 rats
119 creatures vanquished.

Notes
Turn   | Place    | Note
-------+----------+-------------------------------------------
     0 | Abyss:1  | Gargoyl the Centaur Abyssal Knight began the quest for the Orb.
     0 | Abyss:1  | Reached XP level 1. HP: 19/19 MP: 2/2
    29 | Abyss:1  | Noticed a fire bat
    30 | Abyss:1  | Gained mutation: You are robust. (+10% HP) [potion of mutation]
    30 | Abyss:1  | Gained mutation: Your flesh is cold resistant. (rC+) [potion of mutation]
    31 | D:1      | Escaped the Abyss
   109 | D:1      | Reached XP level 2. HP: 18/28 MP: 3/3
   332 | D:1      | Reached * piety under Lugonu
   973 | D:2      | Reached XP level 3. HP: 26/34 MP: 4/4
  1387 | D:2      | Found a shimmering altar of Xom.
  1516 | D:2      | Reached XP level 4. HP: 32/44 MP: 6/6
  1640 | D:2      | Found a shimmering altar of Xom.
  1936 | D:2      | You fall through a shaft for 2 floors!
  2262 | D:3      | Reached ** piety under Lugonu
  2589 | D:3      | Reached XP level 5. HP: 49/50 MP: 7/7
  2770 | D:3      | Noticed Robin
  2806 | D:3      | Killed Robin
  3791 | D:3      | Reached *** piety under Lugonu
  3939 | D:3      | Reached XP level 6. HP: 41/57 MP: 8/8
  4197 | D:4      | Reached skill level 1 in Dodging
  4639 | D:5      | Entered Level 5 of the Dungeon
  4640 | D:5      | Noticed Thargor's ghost (amateur FoFi)
  4877 | D:5      | Killed Thargor's ghost
  4877 | D:5      | Reached XP level 7. HP: 23/64 MP: 8/10
  5107 | D:5      | Mangled by an ogre

Skill      XL: |  1  2  3  4  5  6 |
---------------+-------------------+-----
Axes           | 2 3 4 |  4.2
Armour         | 2 3 |  3.9
Invocations    | 3 4 |  4.1
Fighting       | 4 |  4.3
Dodging        | 1 |  1.2

Action                   |  1- 3 |  4- 6 |  7- 9 || total
-------------------------+-------+-------+-------++-------
Melee: Hand axe          |   120 |   247 |    24 ||   391
       Kick              |    19 |    37 |     4 ||    60
Invok: Depart the Abyss  |     1 |       |       ||     1
  Use: Potion            |     1 |     5 |       ||     6
       Scroll            |     3 |     4 |       ||     7
  Eat: Chunk             |     1 |     2 |       ||     3
       Ration            |       |     3 |       ||     3
Armor: Ring mail         |    66 |       |       ||    66
       Chain mail        |    39 |   152 |    16 ||   207
       Skin              |       |    27 |       ||    27
Dodge: Dodged            |    55 |    35 |     3 ||    93
Block: Buckler           |    14 |    20 |       ||    34
       Shield            |       |     7 |    10 ||    17
